Map: Pillars of Gold LE

Players

SpeCial

  • Race: Terran Terran
  • Spawn Location: 7:00

INnoVation - Winner!

  • Race: Terran Terran
  • Spawn Location: 1:00

Event: IEM Katowice 2021

VOD

Have the link to the VOD?

Description

Time

  • Played on: Feb. 23, 2021, 9:07 a.m.
  • Length: 7:05

All games in this series

Show
View Real Time Build Order
Export as new Build Order

SpeCial Terran 

Build Orders:  

Get SALT Encoding   

  12  0:00  SCV  
  13  0:13  SCV  
  14  0:17  Supply Depot  
  14  0:25  SCV  
  15  0:39  SCV  
  15  0:41  Barracks  
  16  0:44  Refinery  
  16  0:51  SCV  
  16  0:54  Refinery  
  17  1:03  SCV  
  18  1:15  SCV  
  19  1:28  Reaper  
  19  1:29  Orbital Command  
  19  1:30  Supply Depot  
  20  1:43  Factory  
  20  1:55  SCV  
  20  2:00  Reaper  
  22  2:07  SCV  
  23  2:22  Command Center  
  23  2:24  SCV  
  24  2:30  Hellion  
  24  2:33  Barracks Tech Lab  
  24  2:36  SCV  
  27  2:45  Supply Depot  
  27  2:48  SCV  
  28  2:52  Starport  
  28  3:00  Cyclone  
  28  3:04  Barracks Tech Lab  
  31  3:06  SCV  
  32  3:18  SCV  
  33  3:25  Refinery  
  33  3:30  SCV  
  33  3:33  Banshee, Barracks Reactor  
  37  3:35  Orbital Command  
  37  3:43  SCV  
  37  3:45  Cyclone  
  41  3:55  SCV  
  42  4:00  SCV  
  43  4:06  Supply Depot  
  43  4:07  SCV  
  43  4:09  Marine x2  
  46  4:13  SCV  
  46  4:16  Raven  
  49  4:19  SCV  
  50  4:25  SCV  
  50  4:27  Marine x2  
  50  4:28  Siege Tank  
  57  4:31  SCV  
  57  4:34  Supply Depot  
  57  4:37  SCV  
  58  4:43  SCV  
  58  4:45  Marine x2  
  61  4:49  SCV  
  62  4:56  SCV  
  62  4:58  Supply Depot  
  63  5:01  Raven, Command Center  
  63  5:03  Marine  
  63  5:05  SCV  
  63  5:06  Marine  
  68  5:11  Siege Tank  
  69  5:18  SCV  
  69  5:20  SCV, Marine, Supply Depot  
  72  5:24  Marine  
  73  5:30  SCV  
  73  5:32  SCV  
  75  5:39  Refinery  
  75  5:42  SCV  
  77  5:44  Siege Tank  
  77  5:47  Barracks  
  77  5:48  SCV  
  77  5:49  Barracks  
  80  5:54  SCV, Viking x2  
  80  5:55  Marine  
  86  6:09  SCV x2, Bunker  
  86  6:13  Marine  
  86  6:16  Widow Mine  
  77  6:26  Viking  
  77  6:31  Marine  
  77  6:32  SCV, Viking  
  55  6:44  Marine x2  
  55  6:47  SCV x2  
Show
View Real Time Build Order
Export as new Build Order

INnoVation Terran - Winner!

Build Orders:  

Get SALT Encoding   

  12  0:00  SCV  
  13  0:12  SCV  
  14  0:17  Supply Depot  
  14  0:24  SCV  
  15  0:39  SCV  
  15  0:41  Barracks  
  16  0:45  Refinery  
  16  0:51  SCV  
  16  0:55  Refinery  
  17  1:03  SCV  
  18  1:15  SCV  
  19  1:27  Orbital Command  
  19  1:28  Reaper  
  19  1:31  Supply Depot  
  20  1:45  Factory  
  20  1:53  SCV  
  21  2:00  Reaper  
  22  2:05  SCV  
  23  2:18  SCV  
  24  2:27  Command Center  
  24  2:30  SCV  
  24  2:33  Hellion  
  24  2:36  Barracks Tech Lab  
  27  2:42  SCV  
  28  2:45  Supply Depot  
  28  2:54  SCV  
  29  3:01  Barracks Reactor  
  29  3:06  SCV  
  29  3:07  Cyclone  
  29  3:11  Starport  
  33  3:17  Refinery  
  33  3:18  SCV  
  34  3:30  SCV  
  35  3:37  Marine x2  
  35  3:40  Orbital Command  
  37  3:43  SCV  
  37  3:47  Factory Tech Lab  
  38  3:53  Raven  
  38  3:55  SCV  
  41  3:56  Marine x2  
  43  4:02  Supply Depot  
  43  4:06  Siege Tank  
  43  4:08  SCV  
  43  4:09  SCV  
  48  4:14  Marine x2  
  50  4:21  SCV x2  
  52  4:25  Supply Depot  
  52  4:32  Marine x2  
  52  4:34  SCV x2  
  52  4:36  Raven  
  58  4:39  Siege Tank  
  61  4:46  SCV  
  61  4:47  SCV  
  61  4:48  Supply Depot  
  61  4:50  Supply Depot  
  62  4:58  SCV  
  62  4:59  SCV, Marine x2  
  63  5:11  SCV x2  
  63  5:14  Siege Tank  
  67  5:24  Viking  
  67  5:25  Viking  
  67  5:27  Marine  
  67  5:28  SCV x2  
  74  5:34  Supply Depot  
  74  5:40  SCV x2  
  76  5:45  Marine  
  76  5:46  Siege Tank  
  80  5:52  SCV x2  
  80  5:56  Supply Depot, Viking  
  83  5:58  Viking  
  85  6:04  Command Center  
  85  6:06  Marine  
  85  6:09  SCV x2  
  85  6:14  Refinery  
  84  6:22  SCV x2  
  83  6:26  Marine  
  83  6:27  Siege Tank  
  83  6:33  Viking x2  
  83  6:35  SCV x2  
  83  6:46  Marine, Supply Depot  
  83  6:47  SCV  
  83  6:48  SCV  
  83  6:49  Command Center  

Tags
 
Add a new tag
Caveats
  • Supply blocks, unpowered buildings, or Contaminate may cause inaccurate times.
  • Supply counts are checked every 10 seconds.